| TOP OF THE 1ST |
|
New Hampshire Fisher Cats batting - Pitching for Northwest Arkansas Naturals : RHP Philip Terrell
|
|
Pitching: RHP Philip Terrell
|
|
|
Batting: RHB Tokuji Kawabata
|
0-0: Ground out 5-3 (Groundball, 56, EV 90.6 MPH)
|
|
Batting: RHB Stephen Casteel
|
0-0: Ball 1-0: Called Strike 1-1: Ball 2-1: Ball 3-1: DOUBLE (Line Drive, 7LM, EV 101.2 MPH)
|
|
Batting: RHB Justin Geiger
|
0-0: Called Strike Stephen Casteel steals 3rd base 0-1: Swinging Strike 0-2: Ball 1-2: Ball 2-2: Ball 3-2: Foul Ball, location: 2F 3-2: Strikes out swinging
|
|
Batting: RHB Chris Martin
|
0-0: Ball 1-0: Called Strike 1-1: Called Strike 1-2: Hit by Pitch
|
|
Batting: RHB Bobby Lasaguna
|
0-0: Called Strike Chris Martin steals 2nd base 0-1: Called Strike 0-2: Ball Wild Pitch! Stephen Casteel scores Chris Martin to third 1-2: Fly out, F8 (Flyball, 8RD, EV 96.2 MPH)
|
| Top of the 1st over - 1 run, 1 hit, 0 errors, 1 left on base; New Hampshire 1 - Northwest Arkansas 0 |
| BOTTOM OF THE 1ST |
|
Northwest Arkansas Naturals batting - Pitching for New Hampshire Fisher Cats : RHP Bobby O'Connell
|
|
Pitching: RHP Bobby O'Connell
|
|
|
Batting: RHB Kazuki Arai
|
0-0: Fly out, F7 (Line Drive, 7D, EV 95.0 MPH)
|
|
Batting: RHB Kevin Wimberly
|
0-0: Ball 1-0: Called Strike 1-1: Foul Ball, location: 2F 1-2: Ball 2-2: Ground out 6-3 (Groundball, 6, EV 84.4 MPH)
|
|
Batting: RHB Alex Cid
|
0-0: Ball 1-0: Ground out 4-3 (Groundball, 4, EV 108.1 MPH)
|
| Bottom of the 1st over - 0 runs, 0 hits, 0 errors, 0 left on base; New Hampshire 1 - Northwest Arkansas 0 |
| TOP OF THE 2ND |
|
New Hampshire Fisher Cats batting - Pitching for Northwest Arkansas Naturals : RHP Philip Terrell
|
|
Batting: RHB Kirk Seiffert
|
0-0: Ground out U3 (Groundball, 34S, EV 74.4 MPH)
|
|
Batting: LHB Kurt Estep
|
0-0: Ball 1-0: SINGLE (Line Drive, 5D, EV 108.1 MPH)
|
|
Batting: RHB Justin Powell
|
0-0: Ball Kurt Estep steals 2nd base 1-0: Fly out, F8 (Flyball, 8RD, EV 100.0 MPH)
|
|
Batting: RHB Bryan Mattis
|
0-0: Fly out, F3 (Popup, 3S, EV 82.5 MPH)
|
| Top of the 2nd over - 0 runs, 1 hit, 0 errors, 1 left on base; New Hampshire 1 - Northwest Arkansas 0 |
| BOTTOM OF THE 2ND |
|
Northwest Arkansas Naturals batting - Pitching for New Hampshire Fisher Cats : RHP Bobby O'Connell
|
|
Batting: RHB William Lung
|
0-0: Ball 1-0: Ball 2-0: Called Strike 2-1: Foul Ball, location: 2F 2-2: Fly out, F8 (Flyball, 78M, EV 78.1 MPH)
|
|
Batting: LHB Joe Cozart
|
0-0: Ball 1-0: Fly out, F8 (Flyball, 78D, EV 77.5 MPH)
|
|
Batting: RHB Chad Sullivan
|
0-0: Ball 1-0: Ball 2-0: Swinging Strike 2-1: Swinging Strike 2-2: Foul Ball, location: 2F 2-2: Foul Ball, location: 2F 2-2: SINGLE (Groundball, 6MS, EV 67.5 MPH) (infield hit)
|
|
Batting: RHB Kasey Bland
|
0-0: Called Strike Chad Sullivan is caught stealing 2nd base 2-4
|
| Bottom of the 2nd over - 0 runs, 1 hit, 0 errors, 0 left on base; New Hampshire 1 - Northwest Arkansas 0 |
| TOP OF THE 3RD |
|
New Hampshire Fisher Cats batting - Pitching for Northwest Arkansas Naturals : RHP Philip Terrell
|
|
Batting: RHB Tokuji Kawabata
|
0-0: Ball 1-0: Swinging Strike 1-1: Called Strike 1-2: Ground out 1-3 (Groundball, 13, EV 68.8 MPH)
|
|
Batting: RHB Stephen Casteel
|
0-0: Called Strike 0-1: Ball 1-1: Foul Ball, location: 2F 1-2: Foul Ball, location: 2F 1-2: Fly out, F8 (Line Drive, 4MD, EV 70.6 MPH)
|
|
Batting: RHB Justin Geiger
|
0-0: Ball 1-0: Called Strike 1-1: Ground out 6-3 (Groundball, 6, EV 96.2 MPH)
|
| Top of the 3rd over - 0 runs, 0 hits, 0 errors, 0 left on base; New Hampshire 1 - Northwest Arkansas 0 |
| BOTTOM OF THE 3RD |
|
Northwest Arkansas Naturals batting - Pitching for New Hampshire Fisher Cats : RHP Bobby O'Connell
|
|
Batting: RHB Kasey Bland
|
0-0: Ball 1-0: Fly out, F9 (Flyball, 89XD, EV 107.5 MPH)
|
|
Batting: SHB Danny Ballenger
|
0-0: Swinging Strike 0-1: Ball 1-1: Ground out 4-3 (Groundball, 4, EV 85.0 MPH)
|
|
Batting: RHB Gabe Ochoa
|
0-0: Ground out U3 (Groundball, 3, EV 82.5 MPH)
|
| Bottom of the 3rd over - 0 runs, 0 hits, 0 errors, 0 left on base; New Hampshire 1 - Northwest Arkansas 0 |
| TOP OF THE 4TH |
|
New Hampshire Fisher Cats batting - Pitching for Northwest Arkansas Naturals : RHP Philip Terrell
|
|
Batting: RHB Chris Martin
|
0-0: Ball 1-0: Called Strike 1-1: Ball 2-1: Swinging Strike 2-2: Fly out, F8 (Flyball, 8RM, EV 85.0 MPH)
|
|
Batting: RHB Bobby Lasaguna
|
0-0: Ball 1-0: Foul Ball, location: 2F 1-1: SINGLE (Groundball, 6S, EV 76.9 MPH) (infield hit)
|
|
Batting: RHB Kirk Seiffert
|
0-0: Called Strike 0-1: Ball Bobby Lasaguna steals 2nd base 1-1: SINGLE (Groundball, 6MD, EV 100.6 MPH) Bobby Lasaguna to third Runner from 3rd tries for Home, SAFE, throw by CF to home
|
|
Batting: LHB Kurt Estep
|
0-0: Ball Kirk Seiffert steals 2nd base (no throw) 1-0: Foul Ball, location: 2F 1-1: Ball 2-1: Swinging Strike 2-2: Fly out, F9 (Flyball, 89M, EV 71.9 MPH)
|
|
Batting: RHB Justin Powell
|
0-0: Called Strike 0-1: Ball 1-1: Foul Ball, location: 2F 1-2: Foul Ball, location: 2F 1-2: Reached on error, E5 (Groundball, 5, EV 93.1 MPH) Kirk Seiffert to third
|
|
Batting: RHB Bryan Mattis
|
0-0: Fielders Choice at 2nd, U4 (Groundball, 4M, EV 85.6 MPH)
|
| Top of the 4th over - 1 run, 2 hits, 1 error, 2 left on base; New Hampshire 2 - Northwest Arkansas 0 |
| BOTTOM OF THE 4TH |
|
Northwest Arkansas Naturals batting - Pitching for New Hampshire Fisher Cats : RHP Bobby O'Connell
|
|
Batting: RHB Kazuki Arai
|
0-0: Ball 1-0: Fly out, F8 (Flyball, 8LM, EV 93.8 MPH)
|
|
Batting: RHB Kevin Wimberly
|
0-0: Called Strike 0-1: Foul Ball, location: 2F 0-2: Foul Ball, location: 2F 0-2: Ground out 1-3 (Groundball, 13S, EV 70.0 MPH)
|
|
Batting: RHB Alex Cid
|
0-0: Ball 1-0: Fly out, F9 (Flyball, 9, EV 82.5 MPH)
|
| Bottom of the 4th over - 0 runs, 0 hits, 0 errors, 0 left on base; New Hampshire 2 - Northwest Arkansas 0 |
| TOP OF THE 5TH |
|
New Hampshire Fisher Cats batting - Pitching for Northwest Arkansas Naturals : RHP Philip Terrell
|
|
Batting: RHB Tokuji Kawabata
|
0-0: Ground out 6-3 (Groundball, 6D, EV 82.5 MPH)
|
|
Batting: RHB Stephen Casteel
|
0-0: Ball 1-0: Foul Ball, location: 2F 1-1: Foul Ball, location: 2F 1-2: TRIPLE (Flyball, 89XD, EV 106.9 MPH)
|
|
Batting: RHB Justin Geiger
|
0-0: Fly out, F7 (Flyball, 7, EV 91.9 MPH)
|
|
Batting: RHB Chris Martin
|
0-0: Ball 1-0: Foul Ball, location: 2F 1-1: Ground out 3-1 (Groundball, 34S, EV 69.4 MPH)
|
| Top of the 5th over - 0 runs, 1 hit, 0 errors, 1 left on base; New Hampshire 2 - Northwest Arkansas 0 |
| BOTTOM OF THE 5TH |
|
Northwest Arkansas Naturals batting - Pitching for New Hampshire Fisher Cats : RHP Bobby O'Connell
|
|
Batting: RHB William Lung
|
0-0: Ball 1-0: Ball 2-0: Ball 3-0: Called Strike 3-1: Base on Balls
|
|
Batting: LHB Joe Cozart
|
0-0: Called Strike 0-1: Foul Ball, location: 2F 0-2: Ball 1-2: Ball 2-2: SINGLE (Groundball, 34, EV 86.2 MPH) (infield hit) William Lung to second
|
|
Batting: RHB Chad Sullivan
|
0-0: Ball 1-0: Called Strike 1-1: Foul Ball, location: 2F 1-2: Foul Ball, location: 2F 1-2: Strikes out looking
|
|
Batting: RHB Kasey Bland
|
0-0: SINGLE (Line Drive, 4D, EV 100.6 MPH) William Lung to third Joe Cozart to second
|
|
Batting: SHB Danny Ballenger
|
0-0: Ball 1-0: Foul Ball, location: 2F 1-1: Ball 2-1: Ball 3-1: Swinging Strike 3-2: Strikes out looking
|
|
Batting: RHB Gabe Ochoa
|
0-0: Ball 1-0: Called Strike 1-1: Foul Ball, location: 2F 1-2: Foul Ball, location: 2F 1-2: Fly out, F8 (Flyball, 8LD, EV 95.0 MPH)
|
| Bottom of the 5th over - 0 runs, 2 hits, 0 errors, 3 left on base; New Hampshire 2 - Northwest Arkansas 0 |
| TOP OF THE 6TH |
|
New Hampshire Fisher Cats batting - Pitching for Northwest Arkansas Naturals : RHP Philip Terrell
|
|
Pitching: RHP Justin Nipper
|
|
|
Batting: RHB Bobby Lasaguna
|
0-0: Foul Ball, location: 2F 0-1: Ground out 6-3 (Groundball, 6, EV 81.2 MPH)
|
|
Batting: RHB Kirk Seiffert
|
0-0: Called Strike 0-1: Ball 1-1: Called Strike 1-2: Ground out 1-3 (Groundball, 25, EV 66.9 MPH)
|
|
Batting: LHB Kurt Estep
|
0-0: Ball 1-0: Called Strike 1-1: Ball 2-1: Ground out 4-3 (Groundball, 4, EV 85.6 MPH)
|
| Top of the 6th over - 0 runs, 0 hits, 0 errors, 0 left on base; New Hampshire 2 - Northwest Arkansas 0 |
| BOTTOM OF THE 6TH |
|
Northwest Arkansas Naturals batting - Pitching for New Hampshire Fisher Cats : RHP Bobby O'Connell
|
|
Batting: RHB Kazuki Arai
|
0-0: Called Strike 0-1: Ball 1-1: Called Strike 1-2: Strikes out looking
|
|
Batting: RHB Kevin Wimberly
|
0-0: Ball 1-0: Ball 2-0: Ball 3-0: Called Strike 3-1: Base on Balls
|
|
Batting: RHB Alex Cid
|
0-0: Ball 1-0: Swinging Strike 1-1: Foul Ball, location: 2F 1-2: Strikes out swinging
|
|
Batting: RHB William Lung
|
0-0: Called Strike 0-1: Called Strike 0-2: Fly out, F8 (Line Drive, 8RM, EV 88.1 MPH)
|
| Bottom of the 6th over - 0 runs, 0 hits, 0 errors, 1 left on base; New Hampshire 2 - Northwest Arkansas 0 |
| TOP OF THE 7TH |
|
New Hampshire Fisher Cats batting - Pitching for Northwest Arkansas Naturals : RHP Justin Nipper
|
|
Pitching: RHP Justin Potts
|
|
|
Batting: RHB Justin Powell
|
0-0: Ball 1-0: Fly out, F9 (Flyball, 9S, EV 89.4 MPH)
|
|
Batting: RHB Bryan Mattis
|
0-0: Called Strike 0-1: Ball 1-1: Ball 2-1: DOUBLE (Flyball, 78XD, EV 109.4 MPH)
|
|
Batting: RHB Tokuji Kawabata
|
0-0: Ball 1-0: Foul Ball, location: 2F 1-1: Ground out 5-3 (Groundball, 56, EV 111.9 MPH)
|
|
Batting: RHB Stephen Casteel
|
0-0: Called Strike 0-1: Ball 1-1: Ball 2-1: Called Strike 2-2: Fly out, F6 (Popup, 56, EV 51.9 MPH)
|
| Top of the 7th over - 0 runs, 1 hit, 0 errors, 1 left on base; New Hampshire 2 - Northwest Arkansas 0 |
| BOTTOM OF THE 7TH |
|
Northwest Arkansas Naturals batting - Pitching for New Hampshire Fisher Cats : RHP Bobby O'Connell
|
|
Now at 2B: Kirk Seiffert
|
|
|
Now at SS: Luis Reyes
|
|
|
Batting: LHB Joe Cozart
|
0-0: Ball 1-0: Ball 2-0: Ball 3-0: Called Strike 3-1: Base on Balls
|
|
Batting: RHB Chad Sullivan
|
0-0: Foul Ball, location: 2F 0-1: Ball 1-1: Bunt missed! 1-2: Foul Ball, location: 2F 1-2: TRIPLE (Flyball, 89XD, EV 101.9 MPH) Joe Cozart scores
|
|
Pinch Hitting: LHB Bobby Gonzalez
|
0-0: Called Strike 0-1: Ball 1-1: Foul Ball, location: 2F 1-2: Strikes out swinging
|
|
Batting: SHB Danny Ballenger
|
0-0: Foul Ball, location: 2F 0-1: Foul Ball, location: 2F 0-2: Strikes out swinging
|
|
Pitching: RHP Scott Olson
|
|
|
Batting: RHB Gabe Ochoa
|
0-0: Swinging Strike 0-1: Swinging Strike 0-2: Ball 1-2: Strikes out swinging
|
| Bottom of the 7th over - 1 run, 1 hit, 0 errors, 1 left on base; New Hampshire 2 - Northwest Arkansas 1 |
| TOP OF THE 8TH |
|
New Hampshire Fisher Cats batting - Pitching for Northwest Arkansas Naturals : RHP Justin Potts
|
|
Pitching: RHP Brian Straub
|
|
|
Now at 2B: Marcos Cortez
|
|
|
Batting: RHB Justin Geiger
|
0-0: Ball 1-0: Swinging Strike 1-1: Called Strike 1-2: Ball 2-2: Strikes out swinging
|
|
Batting: RHB Chris Martin
|
0-0: Ground out 4-3 (Groundball, 4S, EV 86.2 MPH)
|
|
Batting: RHB Bobby Lasaguna
|
0-0: Ball 1-0: Swinging Strike 1-1: Foul Ball, location: 2F 1-2: Ball 2-2: SINGLE (Line Drive, 78M, EV 106.9 MPH)
|
|
Batting: RHB Kirk Seiffert
|
0-0: Ball Bobby Lasaguna steals 2nd base 1-0: Ball 2-0: Ball 3-0: Base on Balls
|
|
Batting: LHB Kurt Estep
|
0-0: Ball 1-0: Foul Ball, location: 2F 1-1: Ball 2-1: Foul Ball, location: 2F 2-2: Ground out 3-1 (Groundball, 34, EV 92.5 MPH)
|
| Top of the 8th over - 0 runs, 1 hit, 0 errors, 2 left on base; New Hampshire 2 - Northwest Arkansas 1 |
| BOTTOM OF THE 8TH |
|
Northwest Arkansas Naturals batting - Pitching for New Hampshire Fisher Cats : RHP Scott Olson
|
|
Batting: RHB Kazuki Arai
|
0-0: Called Strike 0-1: Ground out 4-3 (Groundball, 34, EV 103.8 MPH)
|
|
Batting: RHB Kevin Wimberly
|
0-0: Ball 1-0: Foul Ball, location: 2F 1-1: Foul Ball, location: 2F 1-2: Ground out 4-3 (Groundball, 13, EV 83.8 MPH)
|
|
Batting: RHB Alex Cid
|
0-0: Foul Ball, location: 2F 0-1: Swinging Strike 0-2: Ball 1-2: SOLO HOME RUN (Flyball, 7D, EV 95.0 MPH), Distance : 372 ft
|
|
Batting: RHB William Lung
|
0-0: Ground out 4-3 (Groundball, 4, EV 88.1 MPH)
|
| Bottom of the 8th over - 1 run, 1 hit, 0 errors, 0 left on base; New Hampshire 2 - Northwest Arkansas 2 |
| TOP OF THE 9TH |
|
New Hampshire Fisher Cats batting - Pitching for Northwest Arkansas Naturals : RHP Brian Straub
|
|
Pitching: RHP Junsuke Abe
|
|
|
Pinch Hitting: LHB Rodrigo Briceno
|
0-0: Called Strike 0-1: Called Strike 0-2: Ball 1-2: Strikes out swinging
|
|
Pinch Hitting: LHB Eddie Muniz
|
0-0: Ball 1-0: Ball 2-0: Foul Ball, location: 2F 2-1: Ground out 4-3 (Groundball, 4S, EV 87.5 MPH)
|
|
Batting: RHB Tokuji Kawabata
|
0-0: Called Strike 0-1: Ball 1-1: Ball 2-1: Foul Ball, location: 2F 2-2: Ball 3-2: Fly out, F8 (Flyball, 8LXD, EV 88.1 MPH)
|
| Top of the 9th over - 0 runs, 0 hits, 0 errors, 0 left on base; New Hampshire 2 - Northwest Arkansas 2 |
| BOTTOM OF THE 9TH |
|
Northwest Arkansas Naturals batting - Pitching for New Hampshire Fisher Cats : RHP Scott Olson
|
|
Pitching: RHP Matt Still
|
|
|
Now in LF: Tristan Dearing
|
|
|
Now in CF: Kurt Estep
|
|
|
Now in RF: Eddie Muniz
|
|
|
Batting: LHB Joe Cozart
|
0-0: Foul Ball, location: 2F 0-1: Ball 1-1: Ball 2-1: Foul Ball, location: 2F 2-2: Ball 3-2: Ground out U3 (Groundball, 34S, EV 88.8 MPH)
|
|
Batting: RHB Chad Sullivan
|
0-0: Called Strike 0-1: Ball 1-1: Foul Ball, location: 2F 1-2: Foul Ball, location: 2F 1-2: Ground out 6-3 (Groundball, 56, EV 85.6 MPH)
|
|
Batting: SHB Marcos Cortez
|
0-0: Called Strike 0-1: Foul Ball, location: 2F 0-2: Ball 1-2: Strikes out swinging
|
| Bottom of the 9th over - 0 runs, 0 hits, 0 errors, 0 left on base; New Hampshire 2 - Northwest Arkansas 2 |
| TOP OF THE 10TH |
|
New Hampshire Fisher Cats batting - Pitching for Northwest Arkansas Naturals : RHP Junsuke Abe
|
|
Batting: RHB Luis Reyes
|
0-0: Ball 1-0: Called Strike 1-1: Foul Ball, location: 2F 1-2: Ball 2-2: Strikes out looking
|
|
Batting: RHB Justin Geiger
|
0-0: Called Strike 0-1: Called Strike 0-2: SINGLE (Groundball, 6MD, EV 102.5 MPH)
|
|
Pitching: RHP John Barnett
|
|
|
Batting: RHB Chris Martin
|
0-0: Foul Ball, location: 2F 0-1: Ball Justin Geiger steals 2nd base 1-1: Ball 2-1: Foul Ball, location: 2F 2-2: Ball Passed Ball! Justin Geiger to third 3-2: Foul Ball, location: 2F 3-2: Base on Balls
|
|
Batting: RHB Bobby Lasaguna
|
0-0: Ball Wild Pitch! Justin Geiger scores Chris Martin to second 1-0: Ground out 6-3 (Groundball, 6, EV 90.0 MPH) Chris Martin to third
|
|
Batting: RHB Kirk Seiffert
|
0-0: Fly out, F4 (Popup, 4D, EV 54.4 MPH)
|
| Top of the 10th over - 1 run, 1 hit, 0 errors, 1 left on base; New Hampshire 3 - Northwest Arkansas 2 |
| BOTTOM OF THE 10TH |
|
Northwest Arkansas Naturals batting - Pitching for New Hampshire Fisher Cats : RHP Matt Still
|
|
Pitching: LHP Mitchel Larson
|
|
|
Batting: SHB Danny Ballenger
|
0-0: Ball 1-0: Ball 2-0: Called Strike 2-1: Ball 3-1: Foul Ball, location: 2F 3-2: Strikes out swinging
|
|
Batting: RHB Gabe Ochoa
|
0-0: Ball 1-0: Called Strike 1-1: Ball 2-1: Ball 3-1: Ground out 6-3 (Groundball, 56, EV 103.8 MPH)
|
|
Batting: RHB Kazuki Arai
|
0-0: Called Strike 0-1: Ball 1-1: Swinging Strike 1-2: Fly out, F9 (Flyball, 9D, EV 92.5 MPH)
|
| Bottom of the 10th over - 0 runs, 0 hits, 0 errors, 0 left on base; New Hampshire 3 - Northwest Arkansas 2 |
|